 Dungeon Sprint DCSS version 0.31-a0-818-ge7c7cf74f0 (webtiles) character file.

Game seed: 8003797786464229438

3076 sircluck the Grappler (level 9, -3/157 HPs)
             Began as a Troll Berserker on Sept 23, 2023.
             Was the Champion of Trog.
             Slain by a cyclops (13 damage)
             ... in the Dungeon (Sprint VII: "The Pits").
             The game lasted 00:02:25 (633 turns).

sircluck the Grappler (Troll Berserker)              Turns: 633, Time: 00:02:26

Health: -3/157     AC:  6    Str: 31    XL:     9   Next: 58%
Magic:  8/8        EV: 13    Int:  3    God:    Trog [******]
Gold:   0          SH:  0    Dex:  9    Spells: 8/8 levels left

rFire   . .          .
                       - Unarmed
rCold   . . .        (no shield)
rNeg    . . .        i - +2 robe {Will+}
rPois   .            (helmet restricted)
rElec   .            (no cloak)
rCorr   .            (gloves unavailable)
SInv    .            (boots unavailable)
Will    +....        (no amulet) Stlth
                     (no ring)
HPRegen 1.26/turn    (no ring)
MPRegen 0.11/turn

%: no teleportation
@: berserking, very quick
A: large, unfitting armour, claws 3, regeneration 1, shaggy fur 1, tough skin 1
a: Renounce Religion, Berserk, Trog's Hand, Brothers in Arms


You were in the Dungeon.
You worshipped Trog.
Trog was exalted by your worship.
You visited 1 branch

Inventory:

Armour
 a - a +0 animal skin
 i - a +2 robe of willpower (worn)
Wands
 h - a wand of paralysis (7)
Scrolls
 g - a scroll of blinking
 k - 2 scrolls of vulnerability
 l - a scroll of summoning
Potions
 b - 6 potions of curing
 c - 6 potions of heal wounds
 d - a potion of haste
 e - 4 potions of magic
 f - 3 potions of berserk rage
 j - 2 potions of invisibility


   Skills:
 + Level 11.3 Fighting
 + Level 11.2 Dodging
 + Level 13.2 Unarmed Combat


You had 8 spell levels left.
You didn't know any spells.
Your spell library was empty.

Dungeon Overview and Level Annotations

Branches:
Dungeon (1/1)

Altars:
Ashenzari
Cheibriados
Dithmenos
Elyvilon
Fedhas
Gozag
Hepliaklqana
Kikubaaqudgha
Makhleb
Nemelex Xobeh
Okawaru
Qazlal
Ru
Sif Muna
Trog
Uskayaw
Vehumet
Wu Jian
Xom
Yredelemnul
Zin
The Shining One
Jiyva
Lugonu


Innate Abilities, Weirdness & Mutations

You are too large for most types of armour.
You have claws for hands.
Your natural rate of healing is unusually fast.
You are covered in fur. (AC +1)
You have tough skin. (AC +1)


Message History

The cyclops throws a large rock.
The large rock closely misses you.
The snapping turtle moves out of view.
You close the door.
You start waiting.
The snapping turtle barely misses you.
A fire bat comes into view.
The fire bat bites you.
You are engulfed in flames!
The cyclops hits you!! The snapping turtle bites you!
There is a broken door, spattered with blood here.
You are too injured to fight recklessly!
You are too injured to fight recklessly!
You are too injured to fight recklessly!
You are too injured to fight recklessly!
You are too injured to fight recklessly!
You are too injured to fight recklessly!
You are too injured to fight recklessly!
The fire bat bites you but does no damage.
The snapping turtle bites you from afar!!
* * * LOW HITPOINT WARNING * * *
A red film seems to cover your vision as you go berserk!
You feel yourself moving faster!
You feel mighty! The fire bat misses you.
The snapping turtle bites you from afar!
* * * LOW HITPOINT WARNING * * *
You claw the cyclops!
The cyclops is moderately wounded.
You barely miss the cyclops.
The cyclops is moderately wounded.
The cyclops barely misses you.
The snapping turtle bites you from afar!
* * * LOW HITPOINT WARNING * * *
You claw the cyclops!
The cyclops is heavily wounded.
You claw the cyclops!
The cyclops is severely wounded.
The snapping turtle bites you from afar!
* * * LOW HITPOINT WARNING * * *
You scratch the cyclops.
The cyclops is severely wounded.
The cyclops hits you!
You die...

#.#.....#'###...<...##..#
#.#........##.......##..#
#.#........##.......##..##
#'###########.......##...#
#.......#..###########....
#).#.#..#.###### #...#
#.##.##.#.#....# #..##
#.†.....#'#b...# #..#
#.##.##.#@Ct...+ #..#
#..#.#..#†#....# #..#
#.......))#....# #..#
################ ####


You could see a snapping turtle, a cyclops and a fire bat.

Vanquished Creatures
  A bog body (D)
  Psyche (D)
  A guardian mummy (D)
  6 dream sheep (D)
  A snapping turtle (D)
  A wyvern (D)
  Menkaure (D)
  A warg (D)
  An acid dragon (D)
  A black bear (D)
  A wolf (D)
  2 scorpions (D)
  A crimson imp (D)
  A hound (D)
  A quasit (D)
  A mummy (D)
  An adder (D)
  An adder skeleton (D)
  A worm (D)
  An orc (D)
  A ball python (D)
  2 endoplasms (D)
  A hobgoblin (D)
  A quokka (D)
  A bat (D)
  A frilled lizard (D)
  A rat (D)
34 creatures vanquished.

Notes
Turn   | Place    | Note
-------+----------+-------------------------------------------
     0 | D        | sircluck the Troll Berserker began the quest for the Orb.
     0 | D        | Reached XP level 1. HP: 22/22 MP: 0/0
    35 | D        | Noticed a guardian mummy
    59 | D        | Killed a guardian mummy
    60 | D        | Reached skill level 7 in Unarmed Combat
    60 | D        | Reached XP level 2. HP: 29/36 MP: 1/1
    60 | D        | Reached XP level 3. HP: 36/44 MP: 2/2
    60 | D        | Reached XP level 4. HP: 42/52 MP: 3/3
    60 | D        | Reached XP level 5. HP: 48/59 MP: 4/4
   117 | D        | Noticed an acid dragon
   129 | D        | Killed an acid dragon
   129 | D        | Reached ** piety under Trog
   130 | D        | Reached skill level 8 in Unarmed Combat
   130 | D        | Reached XP level 6. HP: 43/71 MP: 5/5
   195 | D        | Noticed a dream sheep
   195 | D        | Noticed a dream sheep
   208 | D        | Noticed a dream sheep
   212 | D        | Killed a dream sheep
   212 | D        | Noticed a dream sheep
   213 | D        | Reached skill level 9 in Unarmed Combat
   213 | D        | Reached XP level 7. HP: 79/79 MP: 6/6
   214 | D        | Noticed a dream sheep
   215 | D        | Killed a dream sheep
   216 | D        | Noticed a dream sheep
   221 | D        | Killed a dream sheep
   222 | D        | Reached skill level 10 in Unarmed Combat
   222 | D        | Killed a dream sheep
   222 | D        | Reached *** piety under Trog
   223 | D        | Reached XP level 8. HP: 41/92 MP: 7/7
   223 | D        | Killed a dream sheep
   224 | D        | Reached skill level 11 in Unarmed Combat
   228 | D        | Killed a dream sheep
   253 | D        | Noticed Psyche
   257 | D        | Paralysed by Psyche for 2 turns
   264 | D        | Killed Psyche
   264 | D        | Reached **** piety under Trog
   265 | D        | Reached skill level 10 in Fighting
   300 | D        | Noticed a snapping turtle
   310 | D        | Reached skill level 10 in Dodging
   314 | D        | Killed a snapping turtle
   315 | D        | Reached skill level 12 in Unarmed Combat
   315 | D        | Reached XP level 9. HP: 102/102 MP: 8/8
   415 | D        | Found a bloodstained altar of Trog.
   415 | D        | Found a shimmering blue altar of Sif Muna.
   415 | D        | Found a viscous altar of Jiyva.
   415 | D        | Found a hazy altar of Hepliaklqana.
   415 | D        | Found an opulent altar of Gozag.
   416 | D        | Found a glowing golden altar of the Shining One.
   416 | D        | Found a glowing silver altar of Zin.
   416 | D        | Found a basalt altar of Yredelemnul.
   416 | D        | Found a shimmering altar of Xom.
   416 | D        | Found an ornate altar of the Wu Jian Council.
   416 | D        | Found a sacrificial altar of Ru.
   416 | D        | Found a stormy altar of Qazlal.
   416 | D        | Found an iron altar of Okawaru.
   416 | D        | Found a sparkling altar of Nemelex Xobeh.
   416 | D        | Found a burning altar of Makhleb.
   416 | D        | Found a blossoming altar of Fedhas.
   416 | D        | Found a white marble altar of Elyvilon.
   416 | D        | Found a shadowy altar of Dithmenos.
   416 | D        | Found a snail-covered altar of Cheibriados.
   420 | D        | Found a corrupted altar of Lugonu.
   420 | D        | Found a radiant altar of Vehumet.
   421 | D        | Found a broken altar of Ashenzari.
   421 | D        | Found an ancient bone altar of Kikubaaqudgha.
   421 | D        | Found a hide-covered altar of Uskayaw.
   457 | D        | Reached ***** piety under Trog
   530 | D        | Received a gift from Trog
   572 | D        | Noticed a bog body
   575 | D        | Killed a bog body
   575 | D        | Reached ****** piety under Trog
   575 | D        | Received a gift from Trog
   576 | D        | Reached skill level 13 in Unarmed Combat
   578 | D        | Noticed Menkaure
   580 | D        | Killed Menkaure
   621 | D        | Noticed a cyclops
   633 | D        | Slain by a cyclops

Illustrated notes

Levels and vault maps discovered:
D:        pitsprint [storerooms_1, entrance_room_1, metal_vault_3, armoury_3,
          mini_pit_1, grid_room_1, main_hall_1, silver_pit, the_coven_3,
          the_vestibule_1, steel_vault_4, golden_pit, hallway_of_sentries,
          crystal_vault_2, iron_vault_2, final_vault]

Skill      XL: |  1  2  3  4  5  6  7  8  9 |
---------------+----------------------------+-----
Fighting       | 6 7 9 10 11 | 11.3
Dodging        | 6 7 9 10 11 | 11.2
Unarmed Combat | 7 8 9 10 12 13 | 13.2

Action                     |  1- 3 |  4- 6 |  7- 9 || total
---------------------------+-------+-------+-------++-------
  Melee: Unarmed           |     6 |     8 |    81 ||    95
         Punch             |       |       |     5 ||     5
 Invoke: Berserk           |     1 |     2 |     2 ||     5
 Armour: Animal skin       |     2 |     5 |    15 ||    22
         Robe              |       |       |    34 ||    34
  Dodge: Dodged            |     1 |     3 |    34 ||    38

Table legend: (Time is in decaauts)
 A = Elapsed time spent in this place.
 B = Non-inter-level travel time spent in this place.
 C = Inter-level travel time spent in this place.
 D = Time resting spent in this place.
 E = Time spent auto-exploring this place.
 F = Levels seen in this place.
 G = Mean time per level.
                   A        B        C        D        E       F      G
               +--------+--------+--------+--------+--------+-----+--------+
         Total |    659 |    659 |      0 |    241 |    101 |   1 |  659.0 |
       Dungeon |    659 |    659 |      0 |    241 |    101 |   1 |  659.0 |
               +--------+--------+--------+--------+--------+-----+--------+

Top non-repeatable levels by time:
       D: 659 daAuts
